 Dungeon Crawl Stone Soup version 0.32-a0-975-g85d4e5bfdb (webtiles) character file.

Game seed: 12659163711825889136

3 Esekla the Apothecary (level 1, 0/15 HPs)
             Began as a Demonspawn Wanderer on Apr 20, 2024.
             Slain by a hobgoblin (3 damage)
             ... on level 1 of the Dungeon.
             The game lasted 00:01:12 (147 turns).

Esekla the Apothecary (Demonspawn Wanderer)          Turns: 147, Time: 00:01:13

Health: 0/15       AC:  2    Str:  8    XL:     1   Next: 41%
Magic:  2/2        EV: 10    Int: 14    God:
Gold:   20         SH:  0    Dex: 14    Spells: 2/2 levels left

rFire   . . .        a - +0 dagger
rCold   . . .        (no shield)
rNeg    . . .        d - +0 robe
rPois   .            (no helmet)
rElec   .            (no cloak)
rCorr   .            (no gloves)
SInv    .            (no boots)
Will    .....        (no amulet)
Stlth   ++           (no ring)
HPRegen 0.22/turn    (no ring)
MPRegen 0.08/turn

%: no passive effects
@: no status effects
A: no striking features
a: no special abilities


You were on level 1 of the Dungeon.
You visited 1 branch of the dungeon, and saw 1 of its levels.

You collected 20 gold pieces.

Inventory:

Hand Weapons
 a - a +0 dagger (weapon)
Missiles
 b - 11 poisoned darts (quivered)
Armour
 d - a +0 robe (worn)
Scrolls
 g - a scroll of identify {unknown}
Potions
 c - a potion of heal wounds
 e - a potion of curing {unknown}
 f - a potion of lignification {unknown}


   Skills:
 * Level 1.0 Fighting
 + Level 1.7 Throwing
 + Level 1.0 Stealth
 * Level 1.0 Spellcasting
 * Level 0.4 Conjurations
 + Level 1.7 Translocations
 * Level 0.1 Air Magic
 + Level 3.1 Alchemy


You had 2 spell levels left.
You didn't know any spells.
Your spell library contained the following spells:

 Spells                   Type           Power      Damage    Failure   Level
 Apportation              Tloc           10%        N/A       13%         1
 Sting                    Conj/Alch      20%        1d4       13%         1
 Maxwell's Portable Pile  Tloc           5%         2d(5-15)  36%         3
 Mephitic Cloud           Conj/Alch/Air  4%         N/A       43%         3
 Vhi's Electric Charge    Tloc/Air       6%         N/A       87%         4


Dungeon Overview and Level Annotations

Branches:
Dungeon (1/15)

Altars:


Message History

The quokka is heavily wounded.
The quokka barely misses you.
You closely miss the quokka.
The quokka is heavily wounded.
The quokka barely misses you.
You hit the quokka.
The quokka is almost dead.
The quokka bites you.
You hit the quokka but do no damage.
The quokka is almost dead.
The quokka barely misses you.
You hit the quokka but do no damage.
The quokka is almost dead.
The quokka completely misses you. The quokka barely misses you.
You barely miss the quokka.
The quokka is almost dead.
The quokka barely misses you.
You closely miss the quokka.
The quokka is almost dead.
The quokka bites you.
You hit the quokka.
You kill the quokka!
You hit the hobgoblin but do no damage. The hobgoblin barely misses you.
You closely miss the hobgoblin.
The hobgoblin hits you but does no damage.
You hit the hobgoblin but do no damage. The hobgoblin completely misses you.
You hit the hobgoblin.
The hobgoblin is lightly wounded.
The hobgoblin hits you.
You hit the hobgoblin but do no damage.
The hobgoblin is lightly wounded.
The hobgoblin hits you.
* * * LOW HITPOINT WARNING * * *
You hit the hobgoblin but do no damage.
The hobgoblin is lightly wounded.
The hobgoblin barely misses you.
You closely miss the hobgoblin.
The hobgoblin is lightly wounded.
The hobgoblin hits you.
You die...

#.....(......#.#
#.........#..#.#
#.........#..#.#
#............#..
######.#####.###
## #...........#
#. #.#######...#
.#..###### #.#
#.### .....?...#
#@# #.#
#....#.#.###g#
#.#
#.......#...#
#.# #....#.#.##
#.# #........#
#.# ##.#.....#
#.# ####.#.....
#.# ####..## #.#
.## #.#


You could see a hobgoblin.

Vanquished Creatures
  A hobgoblin (D:1)
  A quokka (D:1)
  A ball python (D:1)
3 creatures vanquished.

Notes
Turn   | Place    | Note
-------+----------+-------------------------------------------
     0 | D:1      | Esekla the Demonspawn Wanderer began the quest for the Orb.
     0 | D:1      | Esekla set off with the following items: a +0 dagger, 11
                  | poisoned darts, a potion of heal wounds, a +0 robe; and the
                  | following spells available to memorise: Apportation, Sting,
                  | Maxwell's Portable Piledriver, Mephitic Cloud, Vhi's
                  | Electric Charge.
     0 | D:1      | Reached XP level 1. HP: 15/15 MP: 2/2
   147 | D:1      | Slain by a hobgoblin

Illustrated notes

Levels and vault maps discovered:
D:1:      dpeg_arrival_more_subterranean_lakeside_camping, layout_basic,
          kennysheep_nondescript, nicolae_figureground_pulse

Action                     || total
---------------------------++-------
  Melee: Dagger            ||    29
 Armour: Robe              ||    19
  Dodge: Dodged            ||    15

Table legend: (Time is in decaauts)
 A = Elapsed time spent in this place.
 B = Non-inter-level travel time spent in this place.
 C = Inter-level travel time spent in this place.
 D = Time resting spent in this place.
 E = Time spent auto-exploring this place.
 F = Levels seen in this place.
 G = Mean time per level.
                   A        B        C        D        E       F      G
               +--------+--------+--------+--------+--------+-----+--------+
         Total |    147 |    147 |      0 |      0 |      3 |   1 |  147.0 |
       Dungeon |    147 |    147 |      0 |      0 |      3 |   1 |  147.0 |
               +--------+--------+--------+--------+--------+-----+--------+

Top non-repeatable levels by time:
     D:1: 147 daAuts
